 Dungeon Crawl Stone Soup version 0.31-a0-240-gb923e448b6 (webtiles) character file.

Game seed: 10923798661022490584

146 qw the Shooter (level 5, -7/31 HPs)
             Began as a Gargoyle Hexslinger on July 11, 2023.
             Killed by divine providence
             ... invoked by an orc priest
              (10 damage)
             ... on level 4 of the Dungeon.
             The game lasted 00:00:51 (2029 turns).

qw the Shooter (Gargoyle Hexslinger)                Turns: 2029, Time: 00:00:51

Health: -7/31      AC:  9    Str: 12    XL:     5   Next: 28%
Magic:  6/6        EV: 12    Int: 13    God:
Gold:   113        SH:  0    Dex: 14    Spells: 5/6 levels left

rFire   + . .        Y - +4 sling
rCold   . . .        (no shield)
rNeg    + . .        c - +0 robe
rPois   inf          (no helmet)
rElec   +            b - +0 cloak
rCorr   .            e - +0 pair of gloves
SInv    .            f - +0 pair of boots
Will    .....        (no amulet)
Stlth   +            h - ring of protection from fire
HPRegen 0.25/turn    (no ring)
MPRegen 0.10/turn

%: no passive effects
@: no status effects
A: sickness immunity, AC +4, negative energy resistance 1, electricity
resistance, torment resistance 1, petrification resistance, hooves 1
a: no special abilities


You were on level 4 of the Dungeon.
You visited 1 branch of the dungeon, and saw 4 of its levels.

You collected 113 gold pieces.


Innate Abilities, Weirdness & Mutations

You are immune to sickness and miasma.
Your stone body is resilient. (AC +4)
You are immune to poison.
You resist negative energy. (rN+)
You are resistant to electric shocks. (rElec)
You are resistant to unholy torment.
You are immune to petrification.
You have large cloven feet.


   Skills:
 - Level 2.3 Fighting
 + Level 4.9 Ranged Weapons
 - Level 1.5 Dodging
 - Level 1.0 Spellcasting
 - Level 2.6 Hexes


You had 5 spell levels left.
You knew the following spells:

 Your Spells              Type           Power      Damage    Failure   Level
a - Slow                  Hex            28%        N/A       10%         1

Your spell library contained the following spells:

 Spells                   Type           Power      Damage    Failure   Level
 Inner Flame              Hex/Fire       4%         N/A       43%         3
 Portal Projectile        Hex/Tloc       8%         N/A       43%         3
 Cause Fear               Hex            3%         N/A       67%         4

Inventory:

Hand Weapons
 Y - a +4 sling (weapon)
Armour
 b - a +0 cloak (worn)
 c - a +0 robe (worn)
 e - a +0 pair of gloves (worn)
 f - a +0 pair of boots (worn)
Jewellery
 h - a ring of protection from fire (left hand)
Potions
 a - a potion of invisibility {unknown}
 d - a potion of degeneration {unknown}
 j - a potion of might {unknown}
 k - a potion of mutation

Dungeon Overview and Level Annotations

Branches:
Dungeon (4/15)
 Temple: D:4-7

Altars:

Annotations:
D:3 exclusion: 2 kobolds


Message History

The gnoll hits you from afar with a +0 spear.
A goblin comes into view. It is wielding a +0 dagger.
The gnoll hits you but does no damage. The giant cockroach barely misses you.
You shoot a sling bullet. The sling bullet hits the gnoll!
You kill the gnoll!
The gnoll hits you from afar with a +0 spear. x2
The giant cockroach closely misses you.
The gnoll hits you from afar with a +0 spear.
The gnoll barely misses you. The orc priest misses you.
The orc closely misses you.
2025 ||| DRINKING potion of heal wounds.
You feel much better. The giant cockroach barely misses you.
The gnoll misses you. The orc closely misses you.
The orc priest looks satisfied for a moment.
The gnoll barely misses you.
You shoot a sling bullet.
The sling bullet hits the giant cockroach.
You kill the giant cockroach!
The gnoll hits you but does no damage. The orc priest misses you.
The orc hits you but does no damage. The gnoll barely misses you.
You shoot a sling bullet.
The sling bullet closely misses the orc priest.
The gnoll hits you from afar with a +0 spear.
The orc closely misses you. x2
The orc priest looks braver for a moment.
The gnoll hits you from afar with a +0 spear.
You shoot a sling bullet. The sling bullet hits the orc priest.
The orc priest is moderately wounded.
The gnoll hits you but does no damage. The orc hits you but does no damage.
The orc barely misses you.
The orc priest hits you but does no damage.
The gnoll misses you.
You shoot a sling bullet. The sling bullet hits the orc priest.
The orc priest is moderately wounded.
The gnoll hits you from afar with a +0 spear!
The orc hits you with a +0 mace. The orc hits you but does no damage.
The orc priest mumbles some strange prayers to Beogh against you.
Beogh smites you!
You die...

.............#
.............
............
.......)...
#........
#.....gg
#..goo#
#..go@########
#(..#.<......#
#...
##........ #..
#....#### #..
##..## #. ..#
. ..# #.# ..


You could see an orc priest, 2 gnolls, 2 orcs and 2 goblins.

Vanquished Creatures
  Jessica (D:3)
  2 gnolls (D:4)
  3 adders
  A worm (D:2)
  4 dart slugs
  An orc (D:4)
  3 ball pythons
  6 endoplasms
  3 giant cockroaches
  2 hobgoblins (D:2)
  2 jackals (D:2)
  8 kobolds
  2 quokkas
  11 bats
  3 frilled lizards
  8 goblins
60 creatures vanquished.

Notes
Turn   | Place    | Note
-------+----------+-------------------------------------------
     0 | D:1      | qw the Gargoyle Hexslinger began the quest for the Orb.
     0 | D:1      | Reached XP level 1. HP: 12/12 MP: 2/2
     0 | D:1      | 0 ||| qw: Version: 0.3-a-52-g30416fa
     0 | D:1      | 0 ||| qw: Game counter: 6082
     0 | D:1      | 0 ||| qw: Melee chars always use a shield: true
     0 | D:1      | 0 ||| qw: God list: Okawaru
     0 | D:1      | 0 ||| qw: Allow faded altars: false
     0 | D:1      | 0 ||| qw: Do Orc after clearing Dungeon:15 true
     0 | D:1      | 0 ||| qw: Do second Lair branch before Depths: true
     0 | D:1      | 0 ||| qw: Lair rune preference: random
     0 | D:1      | 0 ||| qw: Goals: Normal
     0 | D:1      | 0 ||| PLANNING D:1-11
   320 | D:1      | Reached XP level 2. HP: 16/16 MP: 3/3
   610 | D:1      | Reached skill level 3 in Ranged Weapons
   838 | D:1      | 838 ||| DROPPING ring of magical power.
   839 | D:1      | 839 ||| READING scroll labelled ATTUPPEAJYO.
   840 | D:1      | 840 ||| READING scroll labelled WYSSIE LIVITA.
   841 | D:1      | 841 ||| READING scroll labelled QARUCAMUMA.
   942 | D:1      | 942 ||| READING 3 scrolls labelled BOFORYTEOS.
   943 | D:1      | 943 ||| READING 2 scrolls of enchant weapon.
   943 | D:1      | 943 ||| ENCHANTING +2 sling.
   944 | D:1      | 944 ||| READING scroll of enchant weapon.
   944 | D:1      | 944 ||| ENCHANTING +3 sling.
   945 | D:1      | 945 ||| DRINKING 2 silvery potions.
   946 | D:1      | 946 ||| DROPPING scroll of poison.
  1006 | D:2      | Reached XP level 3. HP: 19/22 MP: 4/4
  1015 | D:2      | 1015 ||| FLEEEEING.
  1134 | D:2      | Reached XP level 4. HP: 27/27 MP: 5/5
  1238 | D:2      | 1238 ||| FLEEEEING.
  1243 | D:2      | 1243 ||| FLEEEEING.
  1244 | D:2      | 1244 ||| FLEEEEING.
  1247 | D:2      | 1247 ||| STAIRDANCE
  1260 | D:1      | 1260 ||| UPGRADING to +0 cloak.
  1265 | D:1      | 1265 ||| UPGRADING to +0 pair of gloves.
  1270 | D:1      | 1270 ||| UPGRADING to +0 pair of boots.
  1275 | D:1      | 1275 ||| UPGRADING to ring of protection from fire.
  1412 | D:2      | 1412 ||| DROPPING scarf of shadows.
  1562 | D:3      | Noticed Jessica
  1566 | D:3      | Killed Jessica
  1567 | D:3      | Reached skill level 4 in Ranged Weapons
  1789 | D:3      | Reached XP level 5. HP: 31/31 MP: 6/6
  1822 | D:3      | 1822 ||| DRINKING 2 fizzy blue potions.
  1822 | D:3      | Gained mutation: You have large cloven feet. [potion of
                  | mutation]
  2016 | D:4      | HP: 6/31 [orc priest/divine providence (9)]
  2016 | D:4      | HP: 1/31 [gnoll/+0 spear (5)]
  2017 | D:4      | 2017 ||| DRINKING 2 potions of heal wounds.
  2024 | D:4      | HP: 6/31 [gnoll/+0 spear (3)]
  2024 | D:4      | HP: 1/31 [gnoll/+0 spear (3)]
  2025 | D:4      | 2025 ||| DRINKING potion of heal wounds.
  2029 | D:4      | HP: 7/31 [gnoll/+0 spear (8)]
  2029 | D:4      | HP: 3/31 [orc/+0 mace (4)]
  2029 | D:4      | Killed from afar by an orc priest

Levels and vault maps discovered:
D:1:      co_arrival_square_in_a_square_in_a_square, layout_loops_corners,
          minmay_misc_feat_enclosed, kennysheep_nondescript
D:2:      layout_rooms, kennysheep_path_1, due_unseen_surprise
D:3:      layout_basic, small_statue_alley_b, hangedman_abyss_or_decor_stabs,
          uniq_jessica
D:4:      layout_cave_pods, minmay_temple_entry_arrows

Skill      XL: |  1  2  3  4 |
---------------+-------------+-----
Ranged Weapons | 3 4 |  4.9
Fighting       | 2 |  2.3
Dodging        | |  1.5
Spellcasting   | |  1.0
Hexes          | |  2.6

Action                     |  1- 3 |  4- 6 || total
---------------------------+-------+-------++-------
   Fire: Sling             |    86 |    65 ||   151
    Use: Scroll            |     6 |       ||     6
         Potion            |     1 |     3 ||     4
 Armour: Robe              |    18 |    18 ||    36
  Dodge: Dodged            |    26 |    42 ||    68

Table legend:
 A = Non-vault XP
 B = Vault XP
 C = Vault XP percentage of total XP
 D = Non-vault monster count
 E = Vault monster count
 F = Vault count percentage of total count
                 A         B        C        D         E       F
            +---------+---------+-------+---------+---------+-------
      Total |     172 |      37 |  17.7 |      59 |       1 |   1.7
            +---------+---------+-------+---------+---------+-------
        D:1 |      22 |       0 |   0.0 |      13 |       0 |   0.0
        D:2 |      73 |       0 |   0.0 |      26 |       0 |   0.0
        D:3 |      43 |      37 |  46.2 |      16 |       1 |   5.9
        D:4 |      34 |       0 |   0.0 |       4 |       0 |   0.0
            +---------+---------+-------+---------+---------+-------
